 Dungeon Crawl Stone Soup version 0.30-a0-313-gae38170b09 (webtiles) character file.

Game seed: 10397860151919596683

1316 KennySheep the Conjurer (level 8, -6/57 HPs)
             Began as a Demigod Conjurer on Oct 26, 2022.
             Mangled by an orc warrior
             ... wielding a +0 glaive
              (12 damage)
             ... on level 6 of the Dungeon.
             The game lasted 00:15:36 (6161 turns).

KennySheep the Conjurer (Demigod Conjurer)          Turns: 6161, Time: 00:15:37

Health: -6/57      AC:  4    Str:  8    XL:     8   Next: 11%
Magic:  10/18      EV: 11    Int: 40    God:
Gold:   119        SH:  0    Dex: 12    Spells: 4/15 levels left

rFire   . . .      SeeInvis .    a - +3 dagger (pain)
rCold   . . .      Faith    .    t - +0 buckler {reflect}
rNeg    . . .      Spirit   .    E - +0 robe
rPois   .          Reflect  +    y - +0 helmet
rElec   .          Harm     .    (no cloak)
rCorr   .          Rampage  .    (no gloves)
Will    .....                    g - +0 pair of boots
Stlth   +.........               (no amulet)
HPRegen 0.29/turn                e - +6 ring of intelligence
MPRegen 0.16/turn                u - +6 ring of intelligence

@: confused
A: high MP 1, forlorn, divine attributes
a: no special abilities


You were on level 6 of the Dungeon.
You visited 1 branch of the dungeon, and saw 6 of its levels.
You also visited: Sewer.

You collected 173 gold pieces.
You spent 54 gold pieces at shops.

Inventory:

Hand Weapons
 a - a +3 dagger of pain (weapon)
Missiles
 z - a throwing net
Armour
 g - a +0 pair of boots (worn)
 t - a +0 buckler of reflection (worn)
 y - a +0 helmet (worn)
 E - a +0 robe (worn)
Magical Staves
 b - a staff of poison
Jewellery
 e - a +6 ring of intelligence (left hand)
 p - a ring of protection from cold
 u - a +6 ring of intelligence (right hand)
 A - a ring of protection from cold
Wands
 H - a wand of polymorph (6)
Scrolls
 d - 2 scrolls of noise
 i - a scroll of torment {unknown}
 k - a scroll of blinking
 l - 2 scrolls of immolation
 n - a scroll of magic mapping
 q - a scroll of teleportation {unknown}
 v - 3 scrolls of fog
 x - 2 scrolls of silence
 F - a scroll of poison {unknown}
 I - a scroll of brand weapon
 J - a scroll of identify
Potions
 c - a potion of ambrosia
 f - a potion of berserk rage {unknown}
 h - a potion of flight {unknown}
 j - a potion of might
 m - a potion of mutation {unknown}
 o - 3 potions of haste {unknown}
 r - 3 potions of curing {unknown}
 w - a potion of attraction {unknown}
 B - a potion of cancellation {unknown}
 C - a potion of resistance {unknown}
 D - 2 potions of heal wounds {unknown}
 G - a potion of degeneration {unknown}


   Skills:
 - Level 1.7 Dodging
 - Level 1.7 Stealth
 + Level 4.4 Spellcasting
 * Level 7.3 Conjurations
 + Level 3.1 Hexes
 - Level 3.4 Translocations


You had 4 spell levels left.
You knew the following spells:

 Your Spells              Type           Power      Damage    Failure   Level
a - Magic Dart            Conj           100%       1d8       1%          1
b - Searing Ray           Conj           100%       2d8       1%          2
c - Iskenderun's Mystic   Conj/Tloc      51%        2d11      4%          4
d - Fulminant Prism       Conj/Hex       25%        3d14      4%          4

Your spell library contained the following spells:

 Spells                   Type           Power      Damage    Failure   Level
 Dazzling Flash           Conj/Hex       100%       N/A       1%          3
 Summon Small Mammal      Summ           32%        N/A       4%          1
 Summon Guardian Golem    Hex/Summ       21%        N/A       7%          3
 Call Canine Familiar     Summ           8%         N/A       13%         3
 Irradiate                Conj/Tmut      19%        3d18      26%         5
 Blade Hands              Tmut           4%         N/A       75%         5
 Dragon Form              Tmut           4%         N/A       100%        7


Dungeon Overview and Level Annotations

Branches:
Dungeon (6/15)             Temple (0/1) D:5           Sewer (visited)

Shops:
D:3 [   D:5 [   D:6 :

Annotations:
D:5 3 runed translucent doors, avis's ghost, novice DjIE


Innate Abilities, Weirdness & Mutations

You have an increased reservoir of magic. (+10% MP)
You shall have no god before yourself.
Your divine heritage dramatically boosts your attributes as you level up.


Message History

The orc priest hits you with a +0 short sword.
* * * LOW HITPOINT WARNING * * *
Casting: Iskenderun's Mystic Blast (dangerous; 4% risk of failure)
Confirm with . or Enter, or press ? or * to list all spells.
You miscast Iskenderun's Mystic Blast.
You are very lightly contaminated with residual magic.
Energy rips through your body.
* * * LOW HITPOINT WARNING * * *
The orc warrior barely misses you.
The orc wizard points at you and mumbles some strange words.
You easily resist.
The orc priest calls upon Beogh to heal the orc warrior.
The orc warrior is healed somewhat.
Casting: Iskenderun's Mystic Blast (dangerous; 4% risk of failure)
Confirm with . or Enter, or press ? or * to list all spells.
You erupt in a blast of force!
The mystic blast hits the orc warrior!!
The orc warrior is almost dead.
The orc warrior is knocked back by the mystic blast.
The orc wizard gestures at you while chanting.
You easily resist.
The orc priest miscasts a cantrip.
Okay, then.
The orc priest calls down the wrath of Beogh upon you.
Beogh smites you!
* * * LOW HITPOINT WARNING * * *
As you read the scroll of fear, it crumbles to dust.
You assume a fearsome visage.
The orc wizard looks frightened!
The orc priest looks frightened!
The orc wizard mumbles some strange words.
The orc wizard flickers and vanishes!
Deactivating autopickup; reactivate with Ctrl-A.
Your magical contamination has completely faded away.
You are confused.
There is a stone staircase leading up here.
Okay, then.
In your confused state, you trip and fall back down the stairs.
* * * LOW HITPOINT WARNING * * *
The orc warrior misses you.
The orc warrior hits you from afar with a +0 glaive!
You die...

..##.###......#
......?..######
..........##
..#..####..#####
#...##.........#
#..#
#.........##### ##.
#........o....#
........##.......)#
....#####
#.....@..# .
##........# #
###....∩....#
..#.........###
.......>..).#
........).###
..........#
..........#
..........#


You could see an orc warrior.

Vanquished Creatures
  A black bear (D:4)
  An ogre (D:5)
  A centaur (D:5)
  3 kobold brigands (Sewer)
  A scorpion (D:5)
  A necrophage (D:5)
  4 wights (D:5)
  3 hounds (D:5)
  A jelly (D:4)
  An orc priest (D:6)
  2 iguanas (D:5)
  2 orc wizards (D:6)
  4 gnolls (D:5)
  8 adders
  5 river rats
  A shadow imp (D:5)
  A worm (Sewer)
  4 dart slugs
  11 orcs
  8 endoplasms
  A giant cockroach (D:1)
  7 goblins
  6 hobgoblins
  8 quokkas
  9 ball pythons
  3 bats
  12 kobolds
  8 rats
117 creatures vanquished.

Vanquished Creatures (others)
  26 plants (D:4)
26 creatures vanquished.

Grand Total: 143 creatures vanquished

Notes
Turn   | Place    | Note
-------+----------+-------------------------------------------
     0 | D:1      | KennySheep the Demigod Conjurer began the quest for the
                  | Orb.
     0 | D:1      | Reached XP level 1. HP: 14/14 MP: 5/5
     3 | D:1      | You fall into a shaft and drop 1 floor!
   164 | D:2      | Reached XP level 2. HP: 11/20 MP: 2/7
   205 | D:2      | Learned a level 2 spell: Searing Ray
   247 | D:2      | Reached skill level 4 in Conjurations
   385 | D:1      | Reached skill level 1 in Translocations
   646 | D:1      | Reached XP level 3. HP: 15/26 MP: 4/8
  1585 | D:2      | Reached XP level 4. HP: 33/33 MP: 6/10
  2708 | D:3      | Found Jepaow's Armour Boutique.
  2734 | D:3      | Bought a +0 helmet for 54 gold pieces
  2746 | D:3      | Learned a level 4 spell: Iskenderun's Mystic Blast
  3155 | D:4      | Found a glowing drain.
  3159 | Sewer    | Entered a sewer
  3337 | Sewer    | Noticed a kobold brigand
  3346 | Sewer    | Killed a kobold brigand
  3347 | Sewer    | Reached skill level 5 in Conjurations
  3347 | Sewer    | Reached XP level 5. HP: 32/38 MP: 2/12
  3607 | Sewer    | Reached XP level 6. HP: 39/45 MP: 7/13
  3612 | Sewer    | Learned a level 4 spell: Fulminant Prism
  4040 | D:4      | Reached skill level 1 in Hexes
  4752 | D:5      | Entered Level 5 of the Dungeon
  4757 | D:5      | Reached skill level 6 in Conjurations
  4831 | D:5      | Reached XP level 7. HP: 28/50 MP: 6/15
  5325 | D:5      | Found a staircase to the Ecumenical Temple.
  5331 | D:5      | Reached skill level 7 in Conjurations
  5582 | D:5      | Found a runed translucent gate.
  5582 | D:5      | Found a runed translucent gate.
  5582 | D:5      | Found a runed translucent gate.
  5584 | D:5      | Found Osistaf's Antique Armour Shop.
  5591 | D:5      | Reached XP level 8. HP: 57/57 MP: 12/17
  5599 | D:5      | Noticed a two-headed ogre
  5599 | D:5      | Noticed avis's ghost (novice DjIE)
  6033 | D:6      | Found Adaxyed's Book Shoppe.
  6161 | D:6      | Mangled by an orc warrior

Illustrated notes

Levels and vault maps discovered:
D:1:      shiori_arrival_elements, layout_basic
D:2:      layout_loops_corners
D:3:      layout_basic, serial_shops, nicolae_shop_statue_plus
D:4:      layout_basic, gup_sewer_entry_bowl,
          nicolae_concentric_dashed_squares_wild, reono_crystal_passage,
          kennysheep_boxes
D:5:      layout_loops_ring, marbit_many_paths, nicolae_overflow_hidden_temple,
          temple_green, ebering_ghost_gozag, serial_shops,
          nicolae_shop_advertising_works [nicolae_subvault_shop_adworks],
          grunt_tough_drop
D:6:      black_bear_nest_2, layout_rooms, serial_shops, nicolae_stop_n_shop_1,
          uniq_duvessa, uniq_menkaure

Skill      XL: |  1  2  3  4  5  6  7  8 |
---------------+-------------------------+-----
Spellcasting   | 2 3 4 |  4.4
Conjurations   | 4 5 6 7 |  7.3
Translocations | 1 2 3 |  3.4
Hexes          | 1 2 3 |  3.1
Dodging        | |  1.7
Stealth        | |  1.7

Action                   |  1- 3 |  4- 6 |  7- 9 || total
-------------------------+-------+-------+-------++-------
Melee: Dagger            |    16 |     6 |    14 ||    36
 Cast: Magic Dart        |    61 |    57 |     5 ||   123
       Searing Ray       |     7 |    20 |     9 ||    36
       Iskenderun's Myst |       |     1 |     9 ||    10
  Use: Potion            |     3 |       |       ||     3
       Scroll            |       |     6 |     5 ||    11
 Stab: Sleeping          |     1 |       |     1 ||     2
Armor: Robe              |     6 |     3 |     7 ||    16
Dodge: Dodged            |    25 |    10 |    17 ||    52
Block: Buckler           |       |     4 |     3 ||     7

Table legend: (Time is in decaauts)
 A = Elapsed time spent in this place.
 B = Non-inter-level travel time spent in this place.
 C = Inter-level travel time spent in this place.
 D = Time resting spent in this place.
 E = Time spent auto-exploring this place.
 F = Levels seen in this place.
 G = Mean time per level.
                   A        B        C        D        E       F      G
               +--------+--------+--------+--------+--------+-----+--------+
         Total |   6240 |   6023 |    217 |    436 |   4745 |   7 |  891.4 |
       Dungeon |   5531 |   5314 |    217 |    304 |   4342 |   6 |  921.8 |
         Sewer |    708 |    708 |      0 |    132 |    403 |   1 |  708.0 |
               +--------+--------+--------+--------+--------+-----+--------+

Top non-repeatable levels by time:
     D:2: 1310 daAuts
     D:5: 1281 daAuts
     D:4: 1043 daAuts
     D:3: 1039 daAuts
     D:1: 728 daAuts
   Sewer: 708 daAuts
     D:6: 127 daAuts
